 Dungeon Crawl Stone Soup version 0.20.1-1-g8b1a95d (console) character file.

179490 vuolankoinen the Peltast (level 17, -3/184 HPs)
             Began as a Deep Dwarf Fighter on Nov 5, 2017.
             Was a High Priest of Makhleb.
             Killed from afar by a Hell Sentinel (50 damage)
             ... with an iron shot
             ... summoned by a deep elf demonologist
             ... on level 3 of the Elven Halls on Nov 6, 2017.
             The game lasted 02:39:13 (26356 turns).

vuolankoinen the Peltast (Deep Dwarf Fighter)      Turns: 26356, Time: 02:39:14

Health: -3/184     AC: 23    Str: 22    XL:     17   Next: 61%
Magic:  34/34      EV: 13    Int:  9    God:    Makhleb [*****.]
Gold:   1410       SH: 22    Dex: 28    Spells: 16/16 levels left

rFire    + + .     SeeInvis +   G - +3 demon whip (vamp)
rCold    + + +     Gourm    .   c - +0 shield
rNeg     + + .     Faith    .   j - +6 chain mail of the Game Afoot {rF+++ Dex+2 SInv Stlth-}
rPois    .         Spirit   .   R - +2 hat {MR+}
rElec    .         Reflect  +   L - +0 cloak {rC+}
rCorr    .         Harm     .   C - +0 pair of gloves of Fat Xenn {Dex+4}
MR       +++..                  (no boots)
Stlth    ..........             o - +6 amulet of reflection
Regen    0.0/turn               U - ring "Juibrol" {Ice *Drain rN+ MP+9 Dex+5}
MPRegen  0.3/turn               r - ring of protection from cold

@: lethally poisoned (-3 -> -3), about to teleport, non-regenerating
A: damage resistance, heal wounds, negative energy resistance 1, sense
surroundings 2, robust 1, no regeneration
a: Heal Wounds, Minor Destruction, Lesser Servant of Makhleb, Major Destruction,
Greater Servant of Makhleb, Renounce Religion


You were on level 3 of the Elven Halls.
You worshipped Makhleb.
Makhleb was extremely pleased with you.
You were not hungry.

You visited 5 branches of the dungeon, and saw 27 of its levels.
You also visited: Labyrinth and Ice Cave.

You collected 2148 gold pieces.
You spent 738 gold pieces at shops.

Inventory:

Hand Weapons
 b - the +7 mace "Newtbane" {crush, +Blink rN+ MR+}
   (You found it on level 11 of the Dungeon)

   It inflicts extra damage upon your enemies.
   It protects you from negative energy.
   It affects your resistance to hostile enchantments.
   It lets you blink.
 x - the +5 spear of the Candelabrum {pierce, rElec MP+9 Str+3 Int+2}
   (You found it on level 4 of the Dungeon)

   It inflicts extra damage upon your enemies.
   It affects your strength (+3).
   It affects your intelligence (+2).
   It insulates you from electricity.
   It affects your magic capacity (+9).
 G - a +3 vampiric demon whip (weapon)
Missiles
 a - 4 throwing nets
 T - 8 exploding tomahawks (quivered)
Armour
 c - a +0 shield (worn)
 j - the +6 chain mail of the Game Afoot (worn) {rF+++ Dex+2 SInv Stlth-}
   (You found it on level 13 of the Dungeon)

   It affects your dexterity (+2).
   It renders you almost immune to fire.
   It lets you see invisible.
   It makes you less stealthy.
 s - a +0 pair of gloves
 C - the +0 pair of gloves of Fat Xenn (worn) {Dex+4}
   (You found it in an ice cave)

   It affects your dexterity (+4).
 H - a +1 scale mail of poison resistance
 K - a +0 cloak
 L - a +0 cloak of cold resistance (worn)
 P - a +2 plate armour of fire resistance
 R - a +2 hat of magic resistance (worn)
Jewellery
 d - an uncursed ring of protection from magic
 h - a +3 ring of evasion
 o - a +6 amulet of reflection (around neck)
 r - a ring of protection from cold (right hand)
 u - an uncursed ring of protection from fire
 v - an uncursed ring of protection from fire
 I - an uncursed ring of resist corrosion
 M - a +3 ring of protection
 S - the amulet "Puof" {Spirit rC+, unknown}
   (You took it off a deep elf demonologist on level 3 of the Elven Halls)

   [amulet of guardian spirit]

   It causes incoming damage to be split between your health and magic.
   It protects you from cold.
 U - the ring "Juibrol" (left hand) {Ice *Drain rN+ MP+9 Dex+5}
   (You found it on level 1 of the Elven Halls)

   [ring of ice]

   It enhances your ice magic.
   It affects your dexterity (+5).
   It makes you vulnerable to fire.
   It protects you from cold.
   It protects you from negative energy.
   It affects your magic capacity (+9).
   It causes draining when unequipped.
Wands
 m - a wand of acid (4/15)
 q - a wand of digging (21/24)
 z - a wand of disintegration (18/24)
 B - a wand of polymorph (10/24)
 J - a wand of lightning (0/15)
Scrolls
 g - a scroll of identify
 i - a scroll of recharging
 k - 3 scrolls of remove curse
 n - 5 scrolls of teleportation
 p - 3 scrolls of enchant armour
 F - 4 scrolls of magic mapping
 O - 6 scrolls of blinking
 Y - 2 scrolls of torment
Potions
 e - 3 potions of flight
 f - a potion of ambrosia {unknown}
 l - 3 potions of curing
 t - 6 potions of lignification
 y - a potion of invisibility
 A - a potion of resistance
 E - a potion of cancellation
 V - a potion of mutation
Books
 N - a book of Unlife

   Spells                             Type                      Level
   a - Recall                         Summoning/Translocation      3
   b - Animate Dead                   Necromancy                   4
   c - Control Undead                 Necromancy                   4
   d - Cigotuvi's Embrace             Necromancy                   5
   e - Death Channel                  Necromancy                   6
   f - Simulacrum                     Ice/Necromancy               6
Comestibles
 w - 11 meat rations
 D - 10 royal jellies
 Q - 2 chunks of flesh


   Skills:
 * Level 14.4 Fighting
   Level 10.3(14.9) Axes
 * Level 16.1(16.9) Maces & Flails
 + Level 11.6 Armour
 + Level 5.9 Dodging
 + Level 16.5 Shields
 * Level 12.2 Invocations
 + Level 1.0 Evocations


You had 16 spell levels left.
You didn't know any spells.

Dungeon Overview and Level Annotations

Branches:
Dungeon (15/15) Temple (1/1) D:7 Lair (6/6) D:10 Swamp (0/4) Lair:4 Snake (0/4) Lair:3 Slime (0/5) Lair:5 Orc (2/2) D:9 Elf (3/3) Orc:2 Vaults (0/5) D:13 D:14 Depths (0/5) D:15

Altars:
Ashenzari
Cheibriados
Dithmenos
Elyvilon
Fedhas
Gozag
Hepliaklqana
Kikubaaqudgha
Makhleb
Nemelex Xobeh
Okawaru
Qazlal
Ru
Sif Muna
Trog
Uskayaw
Vehumet
Xom
Yredelemnul
Zin
The Shining One
Beogh

Shops:
D:12 ?   D:13 (   Orc:2 %(%

Portals:
Trove: D:13 (give +3 shadow dragon scales)

Annotations:
D:12 exclusion: 2 oklob plants
Lair:1 pino 1
Lair:3 exclusion: oklob plant
Lair:4 exclusion: 2 oklob plants
Lair:5 exclusion: oklob plant


Innate Abilities, Weirdness & Mutations

You are resistant to damage.
You can heal yourself by infusing magical energy.
You resist negative energy. (rN+)
You passively map the area around you.
You do not regenerate.
You are robust. (+10% HP)


Message History

You resist with almost no effort.
The deep elf sorcerer mumbles some strange words.
The deep elf sorcerer seems to speed up.
You block the Hell Sentinel's attack.
The Hell Sentinel hits you but does no damage.
A deep elf mage comes into view.
It is wielding a long sword of electrocution.
Press: ? - help, Shift-Dir - straight line, f - deep elf demonologist
Aim: a deep elf demonologist, wielding a long sword The sticky flame hits the Hell Sentinel.
The Hell Sentinel appears unharmed.
The Hell Sentinel is covered in liquid flames!
You block the deep elf sorcerer's attack.
The soul eater draws from the surrounding life force!
The soul eater is healed.
The deep elf elementalist casts a spell at the deep elf archer.
You hear rumbling.
Nothing appears to happen.
The Hell Sentinel gestures at you. The iron shot hits you!
You die...

###########
###4e1@eeE§§# *
###^"e33)#ee.§..#*
*#$.()e####eee§§§.,
*#/..}### , e.ee.(.
* #"..### , ...e...
#.}}# ,, , ...ee..,
#|..# *
...5§....... #.)# ,
......⌠e....# #..[
, , , , :)..%. #?.*
, .....(## , ,, , ,
* , ,...44e.#


You could see a Hell Sentinel (burning), a deep elf blademaster, 2 deep elf
death magi, 2 deep elf sorcerers, a deep elf elementalist, a soul eater, a deep
elf demonologist, 2 deep elf archers, a hellwing, 4 deep elf magi, a sixfirhy
and a fire elemental.

Vanquished Creatures
  The ghost of hilaritas the Slayer, an adept MiFi of the Shining One (Elf:2)
  Rupert (D:13)
  An Ice Fiend (IceCv)
  Gastronok (Orc:1)
  Asterion (Elf:3)
  4 deep elf sorcerers (Elf:3)
  The ghost of letownia2 the Reanimator, a journeyman DDNe of Gozag (Orc:2)
  5 deep elf elementalists
  4 deep elf demonologists (Elf:3)
  A deep elf annihilator (Elf:3)
  A dire elephant (Lair:6)
  Snorg (Lair:5)
  Josephine (D:13)
  A minotaur (Lab)
  A deep elf high priest (Elf:1)
  6 hydras
  Harold (D:11)
  Erolcha (D:11)
  3 centaur warriors
  2 catoblepae
  An anaconda (Lair:6)
  20 two-headed ogres
  21 dancing weapons
  5 ogre magi
  6 death yaks
  2 orc high priests
  16 deep elf knights
  Nergalle (Orc:1)
  7 unseen horrors
  A glowing orange brain (D:15)
  Pikel (D:5)
  A wizard (D:14)
  4 deep elf archers
  2 wolf spider zombies
  3 orc knights
  18 ugly things
  An oklob plant (D:10)
  A manticore (D:15)
  3 cyclopes
  An orc sorcerer (Orc:1)
  A wolf spider (D:13)
  39 deep elf magi
  11 elephants
  The ghost of Irenicus the Basher, a novice TrCK of Xom (D:4)
  2 centaur zombies
  A torpor snail (Lair:3)
  An ice statue (IceCv)
  A gargoyle (D:14)
  6 black mambas
  19 spiny frogs
  2 kobold demonologists (D:15)
  An efreet (D:14)
  A yaktaur (shapeshifter) (D:15)
  3 anaconda simulacra (IceCv)
  3 komodo dragons
  6 freezing wraiths (IceCv)
  5 ice devils (IceCv)
  A golden dragon simulacrum (IceCv)
  7 trolls
  A polar bear (Lair:6)
  A merfolk (D:11)
  5 tyrant leeches (Lair:6)
  A hornet (D:12)
  26 blink frogs
  9 hippogriffs
  12 slime creatures
  A dream sheep (shapeshifter) (D:15)
  8 dream sheep
  The ghost of Irenicus the Firebug, an amateur OpFE (D:6)
  2 shadows (D:15)
  A dire elephant simulacrum (IceCv)
  3 water elementals
  3 wyverns
  6 wraiths
  A basilisk (D:14)
  3 fire elementals (Elf:2)
  16 humans (D:13)
  A steam dragon (Lair:5)
  38 yaks
  3 hungry ghosts
  4 swamp worms (Lair:4)
  Grum (D:11)
  3 wargs
  12 vampire mosquitoes
  3 iron troll simulacra (IceCv)
  3 harpy simulacra (IceCv)
  A soldier ant (D:13)
  11 water moccasins
  2 hydra simulacra (IceCv)
  Duvessa (D:5)
  A meliai simulacrum (D:15)
  22 orc warriors
  4 ice beasts
  The ghost of vuolankoinen the Shield-Bearer, an amateur DDFi (D:3)
  3 black bears
  An ettin simulacrum (IceCv)
  A sky beast (D:9)
  2 eyes of draining
  5 phantoms
  30 ogres
  An eye of draining (shapeshifter) (D:15)
  15 wolves
  A necrophage (D:7)
  16 centaurs
  14 crocodiles
  8 big kobolds
  38 bullfrogs
  Dowan (D:5)
  4 scorpions
  2 swamp dragon simulacra (IceCv)
  3 killer bees (D:11)
  10 wights (D:9)
  2 howler monkeys (D:4)
  9 electric eels
  2 bullfrog zombies
  7 crimson imps
  2 draconian simulacra (IceCv)
  3 quasits
  10 hounds
  5 jellies
  8 orc priests
  6 centaur skeletons
  19 orc wizards
  5 bullfrog skeletons
  3 iguanas
  8 worker ants
  A polar bear simulacrum (IceCv)
  6 troll simulacra (IceCv)
  A centaur simulacrum (IceCv)
  A hound skeleton (D:4)
  A howler monkey zombie (D:11)
  5 gnolls
  14 adders
  2 naga simulacra (IceCv)
  An ogre simulacrum (IceCv)
  2 shadow imps
  4 white imps (IceCv)
  5 ufetubi (IceCv)
  2 oozes
  An adder skeleton (D:5)
  2 adder zombies
  A worm (D:5)
  3 dart slugs
  2 leopard geckos
  50 orcs
  3 ball pythons
  5 giant cockroaches
  5 goblins
  4 hobgoblins
  6 jackals (D:8)
  17 kobolds
  4 quokkas
  7 bats
  7 frilled lizards
  A jackal zombie (D:8)
  A leopard gecko skeleton (D:6)
  4 rats
  2 plants
889 creatures vanquished.

Vanquished Creatures (collateral kills)
  A deep elf elementalist (Elf:3)
  A deep elf annihilator (Elf:3)
  A deep elf death mage (Elf:3)
  A dancing weapon (Elf:2)
  A deep elf knight (Elf:2)
  A deep elf archer (Elf:3)
  4 deep elf magi (Elf:2)
  A spiny frog (Lair:6)
11 creatures vanquished.

Vanquished Creatures (others)
  A deep elf annihilator (Elf:3)
  A centaur warrior (D:15)
  A deep elf knight (Elf:2)
  2 deep elf magi
  A cyclops (D:15)
  A warg (Elf:3)
  6 centaurs
  An orc priest (D:5)
  An orc wizard (D:9)
  5 kobolds (D:9)
  9 fungi (Lair:6)
  44 plants
73 creatures vanquished.

Grand Total: 973 creatures vanquished

Notes
Turn   | Place    | Note
-------+----------+-------------------------------------------
     0 | D:1      | vuolankoinen the Deep Dwarf Fighter began the quest for the Orb.
     0 | D:1      | Reached XP level 1. HP: 20/20 MP: 1/1
   153 | D:1      | Reached XP level 2. HP: 25/27 MP: 2/2
   739 | D:1      | Reached XP level 3. HP: 27/34 MP: 3/3
   886 | D:2      | Reached XP level 4. HP: 33/42 MP: 4/4
  1189 | D:2      | Found a glowing silver altar of Zin.
  1720 | D:3      | Noticed vuolankoinen's ghost (amateur DDFi)
  1735 | D:3      | Killed vuolankoinen's ghost
  1735 | D:3      | Reached XP level 5. HP: 39/49 MP: 5/5
  1848 | D:3      | Found an iron altar of Okawaru.
  2065 | D:3      | Found a blossoming altar of Fedhas.
  2297 | D:3      | Reached skill level 5 in Axes
  2364 | D:4      | Reached XP level 6. HP: 40/56 MP: 6/6
  2476 | D:4      | Noticed Irenicus's ghost (novice TrCK)
  2572 | D:4      | Got a steaming spear
  2573 | D:4      | Identified the +5 spear of the Candelabrum {pierce, rElec MP+9 Str+3 Int+2} (You found it on level 4 of the Dungeon)
  2593 | D:4      | Killed Irenicus's ghost
  2593 | D:4      | Reached skill level 1 in Dodging
  2593 | D:4      | Reached XP level 7. HP: 26/64 MP: 4/7
  3245 | D:5      | Entered Level 5 of the Dungeon
  3277 | D:5      | Noticed Pikel
  3360 | D:6      | Found a hide-covered altar of Uskayaw.
  3391 | D:7      | Found an opulent altar of Gozag.
  3410 | D:7      | Reached XP level 8. HP: 27/73 MP: 8/8
  3450 | D:7      | Found a staircase to the Ecumenical Temple.
  3457 | Temple   | Entered the Ecumenical Temple
  3547 | Temple   | Became a worshipper of Makhleb the Destroyer
  3569 | Temple   | Reached skill level 5 in Armour
  3569 | Temple   | Reached skill level 5 in Shields
  3646 | D:7      | Found a shattered altar of Ashenzari.
  3658 | D:7      | Reached skill level 5 in Fighting
  4113 | D:8      | Reached * piety under Makhleb
  4167 | D:8      | Gained mutation: You passively map the area around you. [Deep Dwarf growth]
  4167 | D:8      | Reached XP level 9. HP: 18/82 MP: 9/9
  4266 | D:10     | Entered Level 10 of the Dungeon
  4424 | D:8      | Found a white marble altar of Elyvilon.
  4747 | D:8      | Reached ** piety under Makhleb
  4911 | D:8      | Found a shadowy altar of Dithmenos.
  5107 | D:6      | Found an opulent altar of Gozag.
  5156 | D:5      | Killed Pikel
  5208 | D:5      | Noticed Duvessa
  5221 | D:5      | Noticed Dowan
  5241 | D:5      | Killed Duvessa
  5249 | D:5      | Killed Dowan
  5540 | D:5      | Found a sacrificial altar of Ru.
  5578 | D:5      | Reached XP level 10. HP: 76/94 MP: 10/10
  5722 | D:5      | Found a glowing golden altar of the Shining One.
  5819 | D:5      | Found a sparkling altar of Nemelex Xobeh.
  6603 | D:6      | Noticed Irenicus's ghost (amateur OpFE)
  6609 | D:6      | Killed Irenicus's ghost
  7304 | D:9      | Reached *** piety under Makhleb
  7820 | D:9      | Gained mutation: You are robust. (+10% HP) [mutagenic meat]
  7919 | D:9      | Found a staircase to the Orcish Mines.
  8484 | D:10     | Found a staircase to the Lair.
  8484 | D:10     | Noticed an oklob plant
  8565 | D:10     | Reached skill level 10 in Axes
  8703 | D:10     | Reached **** piety under Makhleb
  8756 | D:10     | Noticed a two-headed ogre
  8771 | D:10     | Killed a two-headed ogre
  8771 | D:10     | Reached skill level 10 in Shields
  8871 | D:10     | Reached XP level 11. HP: 73/113 MP: 11/11
  9217 | D:10     | HP: 5/113 [something (2)]
  9232 | D:10     | Killed an unseen horror
  9509 | D:11     | Got a polished mace
  9510 | D:11     | Identified the +7 mace "Newtbane" {crush, +Blink rN+ MR+} (You found it on level 11 of the Dungeon)
  9901 | D:11     | Reached skill level 1 in Maces & Flails
  9939 | D:11     | Found a shimmering altar of Xom.
 10221 | D:11     | Noticed Grum
 10288 | D:11     | Noticed Erolcha
 10297 | D:11     | Killed Erolcha
 10404 | D:11     | Noticed Harold
 10426 | D:11     | Killed Harold
 10532 | D:11     | Killed Grum
 10671 | D:12     | Noticed a white ugly thing
 10674 | D:12     | Noticed a white ugly thing
 10952 | D:12     | Found a blossoming altar of Fedhas.
 10954 | D:12     | Noticed an oklob plant
 10954 | D:12     | Noticed an oklob plant
 11229 | Orc:1    | Entered Level 1 of the Orcish Mines
 11234 | Orc:1    | Noticed Gastronok
 11251 | D:9      | Reached ***** piety under Makhleb
 11304 | Orc:1    | Killed Gastronok
 11414 | Orc:1    | Noticed an orc knight
 11435 | Orc:1    | Killed an orc knight
 11441 | Orc:1    | Reached XP level 12. HP: 74/125 MP: 12/12
 11472 | Orc:1    | Found a roughly hewn altar of Beogh.
 11476 | Orc:1    | Noticed Nergalle
 11488 | Orc:1    | Killed Nergalle
 11552 | Orc:2    | Entered Level 2 of the Orcish Mines
 11750 | Orc:2    | Found a staircase to the Elven Halls.
 11887 | Orc:2    | Noticed letownia2's ghost (journeyman DDNe)
 12313 | Lair:1   | Entered Level 1 of the Lair of Beasts
 12541 | Lair:1   | Noticed a five-headed hydra
 12547 | Lair:1   | Killed a five-headed hydra
 12627 | Lair:1   | Found an ancient bone altar of Kikubaaqudgha.
 13438 | Lair:2   | Found a labyrinth entrance.
 13446 | Lab      | Entered a labyrinth
 13961 | Lab      | Noticed a minotaur
 13978 | Lab      | Killed a minotaur
 13978 | Lab      | Reached skill level 10 in Fighting
 13981 | Lab      | Got a brightly glowing leather armour
 14001 | Lab      | Identified the cursed +0 leather armour of Paxtes Ucru {-Tele Str+3 Int+9 Stlth-} (You took it off a minotaur in a labyrinth)
 14225 | Lair:2   | Reached skill level 10 in Maces & Flails
 14581 | Lair:3   | Reached XP level 13. HP: 119/135 MP: 13/13
 14787 | Lair:3   | Found a staircase to the Snake Pit.
 15747 | Lair:4   | Found a staircase to the Swamp.
 16079 | Lair:5   | Noticed Snorg
 16094 | Lair:5   | Killed Snorg
 16210 | Lair:5   | Found a staircase to the Slime Pits.
 16369 | Lair:5   | Reached skill level 10 in Armour
 16774 | Lair:6   | Entered Level 6 of the Lair of Beasts
 16897 | Lair:6   | Reached skill level 1 in Invocations
 16924 | Lair:6   | Reached ****** piety under Makhleb
 17111 | Lair:6   | Gained mutation: You resist negative energy. (rN+) [Deep Dwarf growth]
 17111 | Lair:6   | Reached XP level 14. HP: 146/146 MP: 15/15
 18122 | Lair:6   | Reached skill level 5 in Invocations
 18505 | D:12     | Found Kas Keol's Magic Scroll Shop.
 18517 | D:12     | Bought a scroll of fear for 59 gold pieces
 18517 | D:12     | Bought a scroll of brand weapon for 340 gold pieces
 18517 | D:12     | Bought a scroll of summoning for 161 gold pieces
 18517 | D:12     | Bought a scroll of blinking for 127 gold pieces
 18517 | D:12     | Bought a scroll of teleportation for 51 gold pieces
 19095 | D:13     | Noticed Josephine
 19105 | D:13     | Killed Josephine
 19160 | D:13     | Found a portal to a secret trove of treasure.
 19565 | D:13     | Found Heloguph's Weapon Emporium.
 20072 | D:13     | Got an ancient chain mail
 20073 | D:13     | Identified the +6 chain mail of the Game Afoot {rF+++ Dex+2 SInv Stlth-} (You found it on level 13 of the Dungeon)
 20093 | D:14     | Found a gate to the Vaults.
 20093 | D:14     | Noticed Rupert
 20211 | D:13     | Reached XP level 15. HP: 158/158 MP: 19/19
 20276 | D:13     | Killed Rupert
 21095 | D:14     | Reached skill level 5 in Dodging
 21268 | D:15     | Entered Level 15 of the Dungeon
 21779 | D:15     | Found a staircase to the Depths.
 22524 | Orc:2    | Killed letownia2's ghost
 22524 | Orc:2    | Reached skill level 15 in Shields
 22622 | Orc:2    | Reached XP level 16. HP: 164/169 MP: 22/22
 22825 | Orc:2    | Found Kuubav's Weapon Boutique.
 22825 | Orc:2    | Found Ufoy's Food Emporium.
 22835 | Orc:2    | Found Fosiebur's Assorted Antiques.
 22835 | Orc:2    | Found Avock's Food Boutique.
 22851 | Orc:2    | Reached skill level 15 in Maces & Flails
 22989 | Elf:1    | Entered Level 1 of the Elven Halls
 23171 | Elf:1    | Got a warped bone ring
 23173 | Elf:1    | Identified the ring "Juibrol" {Ice *Drain rN+ MP+9 Dex+5} (You found it on level 1 of the Elven Halls)
 23867 | Elf:2    | Reached skill level 10 in Invocations
 23867 | Elf:2    | Reached skill level 1 in Evocations
 24021 | Elf:2    | Found a runed gate.
 24021 | Elf:2    | Found a runed gate.
 24021 | Elf:2    | Found a runed gate.
 24482 | Elf:2    | Noticed hilaritas's ghost (adept MiFi)
 24562 | Elf:2    | Reached XP level 17. HP: 85/181 MP: 25/25
 24600 | Elf:2    | Killed hilaritas's ghost
 24830 | Elf:3    | Entered Level 3 of the Elven Halls
 24831 | Elf:3    | Found a frozen archway.
 24902 | IceCv    | Entered an ice cave
 25361 | IceCv    | Noticed an Ice Fiend
 25628 | IceCv    | Killed an Ice Fiend
 25652 | IceCv    | Got a pair of faintly humming gloves
 25663 | IceCv    | Identified the +0 pair of gloves of Fat Xenn {Dex+4} (You found it in an ice cave)
 26095 | Elf:3    | Noticed Asterion
 26124 | Elf:3    | Killed Asterion
 26194 | Elf:3    | Noticed a deep elf blademaster
 26196 | Elf:3    | Noticed a deep elf master archer
 26272 | Elf:3    | Noticed a Tzitzimitl
 26304 | Elf:3    | Got a slimy silver amulet
 26336 | Elf:3    | Noticed a Hell Sentinel
 26356 | Elf:3    | Killed from afar by a Hell Sentinel

Skill      XL: |  1  2  3  4  5  6  7  8  9 10 11 12 13 14 15 16 17 |
---------------+----------------------------------------------------+-----
Fighting       | 3 4 6 7 8 9 10 11 12 13 14 | 14.4
Axes           | 3 4 5 6 7 8 9 10 | 10.3
Shields        | 4 5 8 10 11 12 13 14 15 16 | 16.5
Armour         | 4 5 6 8 9 10 11 | 11.6
Dodging        | 1 2 3 4 5 |  5.9
Maces & Flails | 6 10 12 13 14 15 16 | 16.1
Invocations    | 2 6 8 10 12 | 12.2
Evocations     | 1 |  1.0

Action                   |  1- 3 |  4- 6 |  7- 9 | 10-12 | 13-15 | 16-18 || total
-------------------------+-------+-------+-------+-------+-------+-------++-------
Melee: War axe           |    94 |    84 |       |       |       |       ||   178
       Spear             |       |    14 |   368 |   501 |       |       ||   883
       Hand axe          |       |       |    27 |       |       |       ||    27
       Mace              |       |       |       |   727 |  1505 |       ||  2232
       Demon whip        |       |       |       |       |   638 |  1281 ||  1919
Throw: Tomahawk          |       |       |       |       |     1 |       ||     1
Invok: Lesser Servant of |       |       |       |       |     1 |     5 ||     6
       Major Destruction |       |       |       |       |       |    11 ||    11
       Greater Servant o |       |       |       |       |       |     5 ||     5
       Minor Destruction |       |       |       |       |       |     3 ||     3
 Abil: Heal Wounds       |       |       |       |       |       |     2 ||     2
Evoke: Wand              |       |       |       |     3 |     7 |     9 ||    19
  Use: Potion            |       |     1 |     4 |     7 |     1 |    10 ||    23
       Scroll            |       |       |    15 |    10 |    17 |    11 ||    53
 Stab: Distracted        |       |       |     1 |       |     1 |     3 ||     5
       Invisible         |       |       |       |     1 |       |     6 ||     7
       Petrified         |       |       |       |       |     2 |       ||     2
  Eat: Chunk             |       |     6 |     9 |    30 |    28 |     5 ||    78
       Meat ration       |       |       |       |     1 |       |     1 ||     2
       Bread ration      |       |       |       |     1 |     1 |     1 ||     3
Armor: Scale mail        |    33 |    19 |    44 |    11 |       |       ||   107
       Plate armour      |       |       |    31 |   373 |   445 |       ||   849
       Chain mail        |       |       |       |       |   150 |   250 ||   400
Dodge: Dodged            |    43 |    30 |    77 |   268 |   489 |   253 ||  1160
Block: Shield            |    65 |    72 |   282 |   947 |  1575 |   795 ||  3736
       Reflection        |       |       |    10 |    20 |    47 |    36 ||   113
